3A
MYRTLE BEACH SEAHAWKS @ HAMMOND HERONS
07/18/2027
 
TOP OF THE 1ST
Myrtle Beach Seahawks batting - Pitching for Hammond Herons : RHP Gregory Bahena
Pitching: RHP Gregory Bahena
Batting: RHB Borja Berrios 0-0: Swinging Strike
0-1: Ball
1-1: Swinging Strike
1-2: Ball
2-2: Strikes out swinging
Batting: RHB Chan-Wook Park 0-0: Ball
1-0: Called Strike
1-1: Ball
2-1: Foul Ball, location: 2F
2-2: Strikes out swinging
Batting: RHB Aaron Dixon 0-0: Ball
1-0: Fly out, F8 (Flyball, 8LD)
Top of the 1st over - 0 run(s), 0 hit(s), 0 error(s), 0 left on base; Myrtle Beach 0 - Hammond 0
BOTTOM OF THE 1ST
Hammond Herons batting - Pitching for Myrtle Beach Seahawks : RHP Neil Franson
Pitching: RHP Neil Franson
Batting: LHB Wilson López 0-0: Fly out, F6 (Popup, 56D)
Batting: RHB Carlos González 0-0: Ground out 5-3 (Groundball, 56)
Batting: LHB Alexis Raimbault 0-0: SINGLE (Groundball, 34D)
Batting: RHB Fernando Martínez 0-0: Ball
1-0: Ball
2-0: Ground out 5-3 (Groundball, 56S)
Bottom of the 1st over - 0 run(s), 1 hit(s), 0 error(s), 1 left on base; Myrtle Beach 0 - Hammond 0
TOP OF THE 2ND
Myrtle Beach Seahawks batting - Pitching for Hammond Herons : RHP Gregory Bahena
Batting: RHB Turner Buccigross 0-0: Called Strike
0-1: Called Strike
0-2: Ball
1-2: Strikes out swinging
Batting: RHB Reece Cockin 0-0: Called Strike
0-1: Ball
1-1: Fly out, F6 (Popup, 6)
Batting: RHB Jim Brooks 0-0: Called Strike
0-1: Foul Ball, location: 2F
0-2: Fly out, F8 (Flyball, 8RM)
Top of the 2nd over - 0 run(s), 0 hit(s), 0 error(s), 0 left on base; Myrtle Beach 0 - Hammond 0
BOTTOM OF THE 2ND
Hammond Herons batting - Pitching for Myrtle Beach Seahawks : RHP Neil Franson
Batting: LHB Marcos Costa 0-0: Ball
1-0: Called Strike
1-1: Called Strike
1-2: Foul Ball, location: 2F
1-2: Ball
2-2: Fly out, F9 (Line Drive, 9)
Batting: RHB Héctor Rivera 0-0: Ball
1-0: Ball
2-0: Foul Ball, location: 2F
2-1: Called Strike
2-2: Ground out 5-3 (Groundball, 56)
Batting: RHB Mark Frisby 0-0: Ball
1-0: Ball
2-0: Ball
3-0: Called Strike
3-1: Foul Ball, location: 2F
3-2: Ground out 6-3 (Groundball, 6)
Bottom of the 2nd over - 0 run(s), 0 hit(s), 0 error(s), 0 left on base; Myrtle Beach 0 - Hammond 0
TOP OF THE 3RD
Myrtle Beach Seahawks batting - Pitching for Hammond Herons : RHP Gregory Bahena
Batting: RHB Andy Llewellyn 0-0: Ball
1-0: Ball
2-0: Fly out, F9 (Flyball, 9LM)
Batting: RHB Gérard Chesnutt 0-0: Fly out, F8 (Flyball, 8RS)
Batting: SHB Álex Castillo 0-0: Ball
1-0: Called Strike
1-1: Called Strike
1-2: Ball
2-2: Ball
3-2: Ground out 4-3 (Groundball, 34)
Top of the 3rd over - 0 run(s), 0 hit(s), 0 error(s), 0 left on base; Myrtle Beach 0 - Hammond 0
BOTTOM OF THE 3RD
Hammond Herons batting - Pitching for Myrtle Beach Seahawks : RHP Neil Franson
Batting: RHB José Chávez 0-0: Ball
1-0: Ground out 6-3 (Groundball, 6)
Batting: RHB Gomez Talone 0-0: Ball
1-0: Fly out, F4 (Line Drive, 4M)
Batting: LHB Wilson López 0-0: Foul Ball, location: 2F
0-1: Swinging Strike
0-2: Ball
1-2: Ball
2-2: Ball
3-2: Foul Ball, location: 2F
3-2: Fly out, F8 (Flyball, 8RD)
Bottom of the 3rd over - 0 run(s), 0 hit(s), 0 error(s), 0 left on base; Myrtle Beach 0 - Hammond 0
TOP OF THE 4TH
Myrtle Beach Seahawks batting - Pitching for Hammond Herons : RHP Gregory Bahena
Batting: RHB Borja Berrios 0-0: Ground out 6-3 (Groundball, 6)
Batting: RHB Chan-Wook Park 0-0: Fly out, F9 (Flyball, 89D)
Batting: RHB Aaron Dixon 0-0: Called Strike
0-1: Swinging Strike
0-2: Ball
1-2: Fly out, F9 (Flyball, 89M)
Top of the 4th over - 0 run(s), 0 hit(s), 0 error(s), 0 left on base; Myrtle Beach 0 - Hammond 0
BOTTOM OF THE 4TH
Hammond Herons batting - Pitching for Myrtle Beach Seahawks : RHP Neil Franson
Batting: RHB Carlos González 0-0: Called Strike
0-1: Ball
1-1: Foul Ball, location: 2F
1-2: Ball
2-2: Strikes out swinging
Batting: LHB Alexis Raimbault 0-0: Called Strike
0-1: Called Strike
0-2: Ball
1-2: SINGLE (Flyball, 7S)
Batting: RHB Fernando Martínez 0-0: Called Strike
Alexis Raimbault steals 2nd base
0-1: Ball
1-1: Ball
2-1: Ball
3-1: Called Strike
3-2: Ground out 6-3 (Groundball, 56)
Batting: LHB Marcos Costa 0-0: SINGLE (Groundball, 34S) (infield hit)
Alexis Raimbault to third
Batting: RHB Héctor Rivera 0-0: Ball
1-0: Ball
2-0: Ball
3-0: Called Strike
3-1: Swinging Strike
3-2: Base on Balls
Marcos Costa to second
Batting: RHB Mark Frisby 0-0: Ball
1-0: Foul Ball, location: 2F
1-1: Called Strike
1-2: Foul Ball, location: 2F
1-2: Strikes out looking
Bottom of the 4th over - 0 run(s), 2 hit(s), 0 error(s), 3 left on base; Myrtle Beach 0 - Hammond 0
TOP OF THE 5TH
Myrtle Beach Seahawks batting - Pitching for Hammond Herons : RHP Gregory Bahena
Batting: RHB Turner Buccigross 0-0: Ball
1-0: Ball
2-0: Called Strike
2-1: Ball
3-1: Ground out 6-3 (Groundball, 6)
Batting: RHB Reece Cockin 0-0: Ball
1-0: Ball
2-0: Ball
3-0: Base on Balls
Batting: RHB Jim Brooks 0-0: Ball
1-0: Ball
2-0: Fly out, F9 (Flyball, 9LS)
Batting: RHB Andy Llewellyn 0-0: Called Strike
0-1: Ball
1-1: Ball
Reece Cockin is caught stealing 2nd base
Top of the 5th over - 0 run(s), 0 hit(s), 0 error(s), 0 left on base; Myrtle Beach 0 - Hammond 0
BOTTOM OF THE 5TH
Hammond Herons batting - Pitching for Myrtle Beach Seahawks : RHP Neil Franson
Batting: RHB José Chávez 0-0: Foul Ball, location: 2F
0-1: Called Strike
0-2: Ball
1-2: Strikes out swinging
Batting: RHB Gomez Talone 0-0: Ball
1-0: Ground out 5-3 (Groundball, 5)
Batting: LHB Wilson López 0-0: Ball
1-0: Ball
2-0: Ball
3-0: Called Strike
3-1: Called Strike
3-2: Foul Ball, location: 2F
3-2: Strikes out looking
Bottom of the 5th over - 0 run(s), 0 hit(s), 0 error(s), 0 left on base; Myrtle Beach 0 - Hammond 0
TOP OF THE 6TH
Myrtle Beach Seahawks batting - Pitching for Hammond Herons : RHP Gregory Bahena
Batting: RHB Andy Llewellyn 0-0: DOUBLE (Groundball, 5L)
Batting: RHB Gérard Chesnutt 0-0: Fly out, F7 (Flyball, 7)
Batting: SHB Álex Castillo 0-0: Swinging Strike
0-1: SINGLE (Groundball, 56S) (infield hit)
Andy Llewellyn to third
Batting: RHB Borja Berrios 0-0: Fly out, F9 (Flyball, 89M)
Runner from 3rd tags up, SCORES, no throw
Batting: RHB Chan-Wook Park 0-0: Ball
1-0: Fly out, F7 (Flyball, 78S)
Top of the 6th over - 1 run(s), 2 hit(s), 0 error(s), 1 left on base; Myrtle Beach 1 - Hammond 0
BOTTOM OF THE 6TH
Hammond Herons batting - Pitching for Myrtle Beach Seahawks : RHP Neil Franson
Batting: RHB Carlos González 0-0: Foul Ball, location: 2F
0-1: Ground out 1-3 (Groundball, 13)
Batting: LHB Alexis Raimbault 0-0: Ball
1-0: Ground out 4-3 (Groundball, 4)
Batting: RHB Fernando Martínez 0-0: Foul Ball, location: 2F
0-1: Called Strike
0-2: Ball
1-2: Ball
2-2: Fly out, F7 (Flyball, 78M)
Bottom of the 6th over - 0 run(s), 0 hit(s), 0 error(s), 0 left on base; Myrtle Beach 1 - Hammond 0
TOP OF THE 7TH
Myrtle Beach Seahawks batting - Pitching for Hammond Herons : RHP Gregory Bahena
Batting: RHB Aaron Dixon 0-0: Ground out 4-3 (Groundball, 4M)
Batting: RHB Turner Buccigross 0-0: Ball
1-0: SINGLE (Line Drive, 7LM)
Pinch Hitting: RHB Alejandro Santiago 0-0: Ball
1-0: Ball
2-0: Fly out, F7 (Flyball, 7S)
Batting: RHB Jim Brooks 0-0: Ball
Turner Buccigross is caught stealing 2nd base
Top of the 7th over - 0 run(s), 1 hit(s), 0 error(s), 0 left on base; Myrtle Beach 1 - Hammond 0
BOTTOM OF THE 7TH
Hammond Herons batting - Pitching for Myrtle Beach Seahawks : RHP Neil Franson
Pitching: RHP Greyfriars Bobby
Now at SS: Juan Mendoza
Batting: LHB Marcos Costa 0-0: Called Strike
0-1: Ball
1-1: Ball
2-1: Fly out, F3 (Line Drive, 34S)
Batting: RHB Héctor Rivera 0-0: Foul Ball, location: 2F
0-1: Foul Ball, location: 2F
0-2: Ball
1-2: Foul Ball, location: 2F
1-2: Strikes out swinging
Batting: RHB Mark Frisby 0-0: Called Strike
0-1: Ball
1-1: Foul Ball, location: 2F
1-2: Strikes out looking
Bottom of the 7th over - 0 run(s), 0 hit(s), 0 error(s), 0 left on base; Myrtle Beach 1 - Hammond 0
TOP OF THE 8TH
Myrtle Beach Seahawks batting - Pitching for Hammond Herons : RHP Gregory Bahena
Batting: RHB Jim Brooks 0-0: Called Strike
0-1: Ball
1-1: Fly out, F4 (Line Drive, 4)
Batting: RHB Andy Llewellyn 0-0: Called Strike
0-1: Called Strike
0-2: Ball
1-2: Ball
2-2: Strikes out swinging
Batting: RHB Gérard Chesnutt 0-0: Ball
1-0: Fly out, F9 (Flyball, 9LS)
Top of the 8th over - 0 run(s), 0 hit(s), 0 error(s), 0 left on base; Myrtle Beach 1 - Hammond 0
BOTTOM OF THE 8TH
Hammond Herons batting - Pitching for Myrtle Beach Seahawks : RHP Greyfriars Bobby
Pitching: RHP Allen Beach
Batting: RHB José Chávez 0-0: Ball
1-0: Foul Ball, location: 2F
1-1: Called Strike
1-2: Ball
2-2: Strikes out looking
Batting: RHB Gomez Talone 0-0: Ball
1-0: Fly out, F8 (Flyball, 78M)
Pitching: LHP Bartolo Pérez
Batting: LHB Wilson López 0-0: Called Strike
0-1: Called Strike
0-2: Ball
1-2: Strikes out swinging
Bottom of the 8th over - 0 run(s), 0 hit(s), 0 error(s), 0 left on base; Myrtle Beach 1 - Hammond 0
TOP OF THE 9TH
Myrtle Beach Seahawks batting - Pitching for Hammond Herons : RHP Gregory Bahena
Batting: SHB Álex Castillo 0-0: Ball
1-0: Called Strike
1-1: SINGLE (Groundball, 6MD)
Batting: RHB Borja Berrios 0-0: Ball
1-0: Reached on error, E5 (Groundball, 56S)
Álex Castillo to second
Batting: RHB Chan-Wook Park 0-0: Ball
1-0: Swinging Strike
1-1: Swinging Strike
1-2: Ball
2-2: Ball
3-2: Strikes out swinging
Batting: RHB Aaron Dixon 0-0: Called Strike
0-1: Fly out, F8 (Flyball, 8RM)
Batting: RHB Turner Buccigross 0-0: Swinging Strike
0-1: Foul Ball, location: 2F
0-2: Strikes out looking
Top of the 9th over - 0 run(s), 1 hit(s), 1 error(s), 2 left on base; Myrtle Beach 1 - Hammond 0
BOTTOM OF THE 9TH
Hammond Herons batting - Pitching for Myrtle Beach Seahawks : LHP Bartolo Pérez
Pitching: RHP Alberto Baca
Batting: RHB Carlos González 0-0: Ball
1-0: Ball
2-0: Ball
3-0: Called Strike
3-1: Ground out 5-3 (Groundball, 5)
Batting: LHB Alexis Raimbault 0-0: Ball
1-0: SINGLE (Groundball, 4MD)
Batting: RHB Fernando Martínez 0-0: Foul Ball, location: 2F
0-1: Ball
1-1: Grounds into double play, 6-4-3 (Groundball, 6)
Bottom of the 9th over - 0 run(s), 1 hit(s), 0 error(s), 0 left on base; Myrtle Beach 1 - Hammond 0
Saturday, May 26th, 2018 - OOTP Baseball 17.12 Build 75